 Dungeon Crawl Stone Soup version 0.30-a0-12-gd8047c6341 (webtiles) character file.

Game seed: 5920840878724233355

25617 Newt the Prestidigitator (level 12, -9/88 HPs)
             Began as a Demonspawn Gladiator on Aug 23, 2022.
             Was the Champion of Wu Jian.
             Killed from afar by a deep elf high priest (21 damage)
             ... with damnation
             ... on level 13 of the Dungeon.
             The game lasted 00:37:45 (16362 turns).

Newt the Prestidigitator (Demonspawn Gladiator)    Turns: 16362, Time: 00:37:46

Health: -9/88      AC: 19    Str: 23      XL:     12   Next: 91%
Magic:  19/19      EV: 14    Int:  7 (9)  God:    Wu Jian [******]
Gold:   497        SH:  7    Dex: 15      Spells: 15/21 levels left

rFire   + + +      SeeInvis .    M - +8 quick blade (venom)
rCold   + + +      Faith    +    f - +1 buckler
rNeg    . . .      Spirit   .    P - +2 ring mail "Geesibit" {rF+ Str+3}
rPois   .          Reflect  .    (helmet restricted)
rElec   .          Harm     .    I - +0 cloak
rCorr   .          Rampage  .    g - +0 pair of gloves
Will    +....                    p - +2 pair of boots "Pysis" {rC+}
Stlth   +++.......               j - amulet of faith
HPRegen 0.24/turn                X - ring of willpower
MPRegen 0.16/turn                J - ring "Haoxa" {Wiz rF++}

@: sanguine armoured, flying (expiring)
A: foul stench 3, powered by death 2, sanguine armour 1, demonic touch 2,
antennae 1, cold resistance 2, deterioration 1
a: Renounce Religion, Wall Jump, Serpent's Lash, Heavenly Storm


You were on level 13 of the Dungeon.
You worshipped Wu Jian.
Wu Jian was exalted by your worship.
You visited 1 branch of the dungeon, and saw 13 of its levels.

You collected 1874 gold pieces.
You spent 1377 gold pieces at shops.

Inventory:

Hand Weapons
 a - a +0 rapier
 e - a +1 dagger of venom
 s - a +2 vampiric short sword
 M - a +8 quick blade of venom (weapon)
Missiles
 x - 20 poisoned darts (quivered)
 F - 10 javelins
 H - a curare-tipped dart
Armour
 b - a +0 leather armour
 c - a +0 helmet
 f - a +1 buckler (worn)
 g - a +0 pair of gloves (worn)
 k - a +0 pair of boots
 p - the +2 pair of boots "Pysis" (worn) {rC+}
   (You bought it in a shop on level 3 of the Dungeon)

   rC:        It protects you from cold.
 I - a +0 cloak (worn)
 P - the +2 ring mail "Geesibit" (worn) {rF+ Str+3}
   (You found it on level 9 of the Dungeon)

   Str:       It affects your strength (+3).
   rF:        It protects you from fire.
Jewellery
 i - a ring of magical power
 j - an amulet of faith (around neck)
 o - an amulet of the acrobat
 r - a ring of protection from cold
 v - an amulet of guardian spirit
 J - the ring "Haoxa" (right hand) {Wiz rF++}
   (You acquired it on level 6 of the Dungeon)

   [ring of wizardry]

   It improves your spell success rate.
   rF:        It greatly protects you from fire.
 K - a ring of willpower
 L - a ring of wizardry
 R - a +4 ring of protection
 X - a ring of willpower (left hand)
 Z - a ring of willpower
Wands
 y - a wand of paralysis (2)
 B - a wand of flame (65)
 D - a wand of polymorph (13)
 O - a wand of mindburst (7)
 Q - a wand of iceblast (10)
Scrolls
 d - a scroll of identify
 m - 2 scrolls of amnesia
 n - 7 scrolls of teleportation
 q - 3 scrolls of magic mapping
 u - 5 scrolls of immolation
 w - a scroll of fog
 A - 2 scrolls of fear
 V - 2 scrolls of enchant armour
 W - a scroll of silence {unknown}
Potions
 h - 3 potions of brilliance
 l - a potion of flight
 t - 2 potions of lignification
 z - 2 potions of mutation
 C - 3 potions of might
 E - 3 potions of degeneration
 G - 11 potions of curing
 S - a potion of ambrosia
Miscellaneous
 U - a box of beasts (inert)
 Y - a tin of tremorstones (2/2)


   Skills:
 - Level 6.0 Fighting
 - Level 8.0 Short Blades
 - Level 4.0 Throwing
 - Level 4.0 Armour
 - Level 7.0 Dodging
 - Level 6.0 Stealth
 + Level 7.2 Shields
 - Level 5.0 Spellcasting
 - Level 9.0 Hexes
 - Level 10.0 Evocations


You had 15 spell levels left.
You knew the following spells:

 Your Spells              Type           Power      Damage    Failure   Level
a - Confusing Touch       Hex            14%        N/A       1%          3
b - Tukima's Dance        Hex            14%        N/A       1%          3

Your spell library contained the following spells:

 Spells                   Type           Power      Damage    Failure   Level
 Ensorcelled Hibernation  Hex/Ice        16%        N/A       5%          2
 Portal Projectile        Hex/Tloc       16%        N/A       11%         3
 Magic Dart               Conj           4%         1d3       21%         1
 Call Imp                 Summ           1%         N/A       32%         2
 Passwall                 Tmut/Erth      0%         N/A       32%         2
 Static Discharge         Conj/Air       1%         3-4/arc   32%         2
 Mephitic Cloud           Conj/Pois/Air  1%         N/A       52%         3
 Swiftness                Air            1%         N/A       52%         3
 Yara's Violent Unravell  Hex/Tmut       4%         3d4       65%         5
 Dispel Undead            Necr           1%         3d6       88%         4
 Sticky Flame             Conj/Fire      1%         2d3       88%         4
 Enfeeble                 Hex            7%         N/A       98%         7
 Alistair's Intoxication  Tmut/Pois      0%         N/A       99%         5
 Blade Hands              Tmut           0%         N/A       99%         5
 Borgnjor's Vile Clutch   Necr/Erth      0%         N/A       99%         5
 Eringya's Noxious Bog    Tmut/Pois      0%         N/A       100%        6


Dungeon Overview and Level Annotations

Branches:
Dungeon (13/15)            Temple (0/1) D:6            Lair (0/5) D:9
    Orc (0/2) D:11
 Vaults: D:13-14

Altars:
Cheibriados
Hepliaklqana
Kikubaaqudgha
Okawaru
Qazlal
Trog
Wu Jian
Xom

Shops:
D:2 ?   D:3 ::[*   D:7 ??   D:10 =

Annotations:
D:3 1 runed translucent door
D:13 2 runed translucent doors, Mexzoddasi's ghost, journeyman MiBe


Innate Abilities, Weirdness & Mutations

You frequently emit foul miasma when damaged in melee.
You regenerate health from kills.
When seriously injured, your blood forms armour. (AC +6)
Your touch may inflict irresistible damage on your foes.
You have a pair of small antennae on your head.
Your flesh is very cold resistant. (rC++)
Your body sometimes deteriorates upon taking damage.


Message History

The centaur warrior completely misses you.
Unknown command.
You hit the deep elf high priest.
The deep elf high priest looks as sick as possible!
The deep elf high priest is severely wounded.
Unknown command.
You barely miss the deep elf high priest.
The deep elf high priest is almost dead.
The deep elf high priest calls down the wrath of its god upon you.
Something smites you!
Unknown command.
You miss the deep elf high priest.
The deep elf high priest is almost dead.
The centaur warrior hits you!
* * * LOW HITPOINT WARNING * * *
The centaur warrior kicks you but does no damage.
Unknown command.
You open the lid... ...and a mature batfire beast flies out!
The box is emptied!
The deep elf high priest hits you!
* * * LOW HITPOINT WARNING * * *
You emit a cloud of foul miasma!
The centaur warrior closely misses you. The centaur warrior barely misses you.
You block the purple ugly thing's attack.
The deep elf high priest is engulfed in dark miasma.
The deep elf high priest looks as sick as possible!
The deep elf high priest barely misses you.
Unknown command.
Blink to where?
Press: ? - help, Q - select action, (/) - cycle Dir - move target, p - deep elf high priest
As you read the scroll of blinking, it crumbles to dust.
The centaur warrior wields a +0 shortbow.
The centaur warrior shoots an arrow.
The arrow closely misses you.
Your mature batfire beast hits the centaur warrior but does no damage.
The deep elf high priest is engulfed in dark miasma.
The deep elf high priest looks as sick as possible!
The deep elf high priest seems to slow down.
The deep elf high priest mumbles some strange prayers to its god against you.
The sphere of damnation explodes!
The damnation engulfs you!!
You die...

...# ##.###############
.>..........<....####
#..########.........#
....# ######.##.#
#...###### #.##.#
.<.......# #.##.#
..#..###.# #>...#
......##.#### #@.###
.###........####..#
#.#.##.#.##.#≈≈≈≈.#####
##.##.##.##.≈≈≈≈≈≈..:.#
.###.###.##≈≈≈§.≈≈≈##.#
#.#.## #.#≈≈≈uec.≈≈≈#
##.####..≈≈≈.8H.8.≈≈≈.#
#.# #...≈≈8##''##8S≈.#
#.# #..≈≈≈##....##≈≈≈#


You could see a purple ugly thing (ally target), a centaur warrior, a deep elf
high priest (fast, extremely poisoned, slow), an electric eel and a friendly
mature batfire beast (summoned).

Vanquished Creatures
  A hydra (D:7)
  A boulder beetle (D:12)
  3 centaur warriors
  A death knight (D:13)
  2 two-headed ogres
  A tengu warrior (D:12)
  Pikel (D:9)
  3 ugly things (D:13)
  A cyclops (D:8)
  Joseph (D:7)
  3 komodo dragons
  An unseen horror (D:12)
  Psyche (D:9)
  2 trolls
  The ghost of Juicyj the Insei, an amateur MeTm (D:4)
  11 slime creatures (D:12)
  2 shadows
  31 yaks
  3 wyverns
  A basilisk (D:9)
  A steam dragon (D:8)
  5 vampire mosquitoes (D:11)
  A warg (D:11)
  2 acid dragons
  8 orc warriors
  A sky beast (D:7)
  An ice beast (D:5)
  A wolf (D:9)
  2 ogres (D:7)
  8 centaurs
  3 phantoms
  3 kobold brigands
  A lemure (D:8)
  3 bullfrogs
  3 scorpions
  22 killer bees
  5 howler monkeys
  3 electric eels (D:9)
  11 hounds
  Crazy Yiuf (D:6)
  2 jellies
  8 orc priests
  2 gnoll boudas
  6 iguanas
  Ijyb (D:3)
  16 orc wizards
  8 gnolls
  A river rat (D:3)
  6 shadow imps
  8 adders
  4 white imps
  5 ufetubi
  2 worms (D:2)
  A dart slug (D:3)
  28 orcs
  7 ball pythons
  4 endoplasms
  4 giant cockroaches
  3 goblins
  7 hobgoblins
  2 jackals (D:1)
  2 quokkas
  3 bats
  2 frilled lizards
  18 kobolds
  6 rats
312 creatures vanquished.

Vanquished Creatures (collateral kills)
  A two-headed ogre (D:11)
  A centaur warrior (D:13)
  Maurice (D:11)
  An efreet (D:9)
  A centaur (D:9)
  An orc (D:11)
6 creatures vanquished.

Vanquished Creatures (others)
  A gargoyle (D:13)
  A steam dragon (D:9)
  3 dancing weapons
  A kobold (D:9)
  3 demonic plants (D:5)
9 creatures vanquished.

Grand Total: 327 creatures vanquished

Notes
Turn   | Place    | Note
-------+----------+-------------------------------------------
     0 | D:1      | Newt the Demonspawn Gladiator began the quest for the Orb.
     0 | D:1      | Reached XP level 1. HP: 16/16 MP: 1/1
    67 | D:1      | Reached skill level 1 in Stealth
   264 | D:1      | Gained mutation: When seriously injured, your blood forms
                  | armour. (AC +6) [demonic ancestry]
   264 | D:1      | Reached XP level 2. HP: 22/22 MP: 2/2
   599 | D:1      | Gained mutation: You may rarely emit foul miasma when
                  | damaged in melee. [demonic ancestry]
   599 | D:1      | Reached XP level 3. HP: 27/27 MP: 3/3
  1066 | D:2      | Identified a scroll of acquirement
  1066 | D:2      | Acquired 1083 gold pieces
  1344 | D:2      | Found a faded altar of an unknown god.
  1444 | D:2      | Found Joraidd's Magic Scroll Boutique.
  1452 | D:2      | Bought a scroll of identify for 22 gold pieces
  1452 | D:2      | Bought a scroll of amnesia for 44 gold pieces
  1452 | D:2      | Bought a scroll of identify for 22 gold pieces
  1452 | D:2      | Bought a scroll of teleportation for 33 gold pieces
  1452 | D:2      | Bought a scroll of identify for 22 gold pieces
  1452 | D:2      | Bought a scroll of teleportation for 33 gold pieces
  1452 | D:2      | Bought a scroll of magic mapping for 82 gold pieces
  1455 | D:2      | Gained mutation: You are weak. (Str -2) [potion of
                  | mutation]
  1455 | D:2      | Gained mutation: You occasionally shout uncontrollably at
                  | your foes. [potion of mutation]
  1456 | D:2      | Lost mutation: You occasionally shout uncontrollably at
                  | your foes. [potion of mutation]
  1456 | D:2      | Lost mutation: You are weak. (Str -2) [potion of mutation]
  1456 | D:2      | Gained mutation: Potions are less effective at restoring
                  | your health. [potion of mutation]
  1456 | D:2      | Gained mutation: Potions cannot restore your health.
                  | [potion of mutation]
  1456 | D:2      | Gained mutation: Your flesh is heat resistant. (rF+)
                  | [potion of mutation]
  2038 | D:3      | Found a runed translucent door.
  2050 | D:3      | Noticed Juicyj's ghost (amateur MeTm)
  2054 | D:3      | Noticed a bullfrog
  2082 | D:3      | Reached XP level 4. HP: 20/33 MP: 4/4
  2225 | D:3      | Found Ownod's Antique Armour Emporium.
  2234 | D:3      | Bought a pair of crude boots for 209 gold pieces
  2234 | D:3      | Identified the +2 pair of boots "Pysis" {rC+} (You bought
                  | it in a shop on level 3 of the Dungeon)
  2310 | D:3      | HP: 1/34 [bullfrog (6)]
  2566 | D:3      | Found Logg's Book Shoppe.
  2578 | D:3      | Found Hahoix's General Store.
  2586 | D:3      | Bought a potion of mutation for 80 gold pieces
  2586 | D:3      | Bought a potion of heal wounds for 50 gold pieces
  2586 | D:3      | Lost mutation: Your flesh is heat resistant. (rF+) [potion
                  | of mutation]
  2586 | D:3      | Lost mutation: Potions cannot restore your health. [potion
                  | of mutation]
  2586 | D:3      | Gained mutation: You possess an exceptional clarity of
                  | mind. [potion of mutation]
  2677 | D:3      | Lost mutation: Potions are less effective at restoring your
                  | health. [potion of mutation]
  2677 | D:3      | Lost mutation: You possess an exceptional clarity of mind.
                  | [potion of mutation]
  2677 | D:3      | Gained mutation: You have an increased reservoir of magic.
                  | (+10% MP) [potion of mutation]
  2677 | D:3      | Gained mutation: You are weak. (Str -2) [potion of
                  | mutation]
  2766 | D:3      | Found Dimetidgha's Book Boutique.
  2806 | D:3      | Killed a bullfrog
  2807 | D:3      | Gained mutation: You regenerate a little health from kills.
                  | [demonic ancestry]
  2807 | D:3      | Reached XP level 5. HP: 20/42 MP: 5/5
  2906 | D:3      | Noticed Ijyb
  2917 | D:3      | HP: 2/42 [Juicyj's ghost (2)]
  2959 | D:4      | Found an ornate altar of the Wu Jian Council.
  2959 | D:4      | Found a bloodstained altar of Trog.
  2964 | D:4      | Became a worshipper of the Wu Jian Council
  3118 | D:4      | Reached skill level 1 in Shields
  3253 | D:4      | Noticed a phantom
  3285 | D:4      | Killed a phantom
  3286 | D:4      | Gained mutation: You regenerate health from kills. [demonic
                  | ancestry]
  3286 | D:4      | Reached XP level 6. HP: 26/48 MP: 6/6
  3810 | D:4      | Killed Juicyj's ghost
  3811 | D:4      | Reached XP level 7. HP: 19/54 MP: 7/7
  4908 | D:5      | Entered Level 5 of the Dungeon
  4930 | D:3      | Found a runed translucent door.
  5208 | D:3      | Killed Ijyb
  5572 | D:5      | Lost mutation: You are weak. (Str -2) [potion of mutation]
  5572 | D:5      | Lost mutation: You have an increased reservoir of magic.
                  | (+10% MP) [potion of mutation]
  5572 | D:5      | Gained mutation: You have a pair of small antennae on your
                  | head. [potion of mutation]
  5572 | D:5      | Gained mutation: Your flesh is cold resistant. (rC+)
                  | [potion of mutation]
  5572 | D:5      | Gained mutation: Your body sometimes deteriorates upon
                  | taking damage. [potion of mutation]
  5572 | D:5      | Gained mutation: Your flesh is very cold resistant. (rC++)
                  | [potion of mutation]
  6316 | D:5      | Reached * piety under Wu Jian
  6564 | D:5      | Reached skill level 5 in Short Blades
  6564 | D:5      | Gained mutation: You sometimes emit foul miasma when
                  | damaged in melee. [demonic ancestry]
  6564 | D:5      | Reached XP level 8. HP: 60/60 MP: 8/8
  6971 | D:6      | Found a staircase to the Ecumenical Temple.
  7179 | D:6      | Reached skill level 1 in Armour
  7363 | D:6      | Reached ** piety under Wu Jian
  7605 | D:6      | Found a stormy altar of Qazlal.
  7814 | D:6      | Found a runed translucent door.
  7815 | D:6      | Noticed Crazy Yiuf
  7836 | D:6      | Killed Crazy Yiuf
  7909 | D:7      | Noticed Joseph
  8059 | D:6      | Acquired the ring "Haoxa" {Wiz rF++}
  8086 | D:7      | Killed Joseph
  8087 | D:7      | Reached skill level 3 in Evocations
  8287 | D:7      | Reached skill level 4 in Evocations
  8287 | D:7      | Gained mutation: Your touch may inflict minor irresistible
                  | damage on your foes. [demonic ancestry]
  8287 | D:7      | Reached XP level 9. HP: 52/65 MP: 9/9
  8514 | D:7      | Reached skill level 5 in Evocations
  8532 | D:7      | Reached skill level 1 in Hexes
  8647 | D:7      | Noticed a seven-headed hydra
  8648 | D:7      | Found Tivuxk Xebbo's Magic Scroll Shop.
  8653 | D:7      | Killed a seven-headed hydra
  8654 | D:7      | Reached skill level 5 in Hexes
  8658 | D:7      | Learned a level 3 spell: Confusing Touch
  8662 | D:7      | Learned a level 3 spell: Tukima's Dance
  8767 | D:7      | Reached skill level 1 in Spellcasting
  9204 | D:7      | Found Xyecw's Magic Scroll Shop.
  9396 | D:7      | Bought a scroll of acquirement for 780 gold pieces
  9397 | D:7      | Acquired a +6 quick blade
  9471 | D:8      | Found a snail-covered altar of Cheibriados.
  9635 | D:8      | Reached *** piety under Wu Jian
  9660 | D:8      | Found an iron altar of Okawaru.
  9660 | D:8      | Found a hazy altar of Hepliaklqana.
  9678 | D:8      | Noticed a two-headed ogre
  9695 | D:8      | Killed a two-headed ogre
  9696 | D:8      | Reached skill level 5 in Spellcasting
  9696 | D:8      | Gained mutation: Your touch may inflict irresistible damage
                  | on your foes. [demonic ancestry]
  9696 | D:8      | Reached XP level 10. HP: 37/71 MP: 15/17
 10215 | D:8      | Reached skill level 5 in Stealth
 10220 | D:9      | Noticed a cyclops
 10413 | D:8      | Killed a cyclops
 10814 | D:9      | Noticed Psyche
 10826 | D:9      | Killed Psyche
 10836 | D:9      | Reached skill level 5 in Fighting
 10837 | D:9      | Reached **** piety under Wu Jian
 10988 | D:9      | Identified the +2 ring mail "Geesibit" {rF+ Str+3}
 10995 | D:9      | Found a staircase to the Lair.
 11024 | D:9      | Gained mutation: You frequently emit foul miasma when
                  | damaged in melee. [demonic ancestry]
 11024 | D:9      | Reached XP level 11. HP: 47/81 MP: 18/18
 11099 | D:9      | Noticed Pikel
 11121 | D:9      | Killed Pikel
 11204 | D:9      | Reached skill level 5 in Dodging
 11574 | D:10     | Entered Level 10 of the Dungeon
 11793 | D:9      | Reached ***** piety under Wu Jian
 12069 | D:10     | Found Lanistra's Jewellery Boutique.
 12084 | D:10     | Identified the +2 ring mail of the Great Game {*Slow rPois
                  | rN+ Will+}
 12331 | D:10     | Found a large runed translucent door.
 12463 | D:10     | Found a large runed translucent door.
 12667 | D:10     | Found an ancient bone altar of Kikubaaqudgha.
 12843 | D:11     | Noticed Maurice
 12880 | D:11     | Killed Maurice
 13006 | D:11     | Noticed a two-headed ogre
 13316 | D:11     | Killed a two-headed ogre
 13317 | D:11     | Reached skill level 6 in Evocations
 13317 | D:11     | Reached XP level 12. HP: 51/88 MP: 1/19
 13440 | D:11     | Noticed a two-headed ogre
 13456 | D:11     | Killed a two-headed ogre
 13475 | D:11     | Found a staircase to the Orcish Mines.
 13495 | D:11     | Reached skill level 7 in Evocations
 13938 | D:12     | Noticed a boulder beetle
 13943 | D:12     | Noticed a tengu warrior
 13980 | D:12     | Killed a tengu warrior
 14011 | D:12     | Killed a boulder beetle
 14012 | D:12     | Reached skill level 8 in Evocations
 14211 | D:12     | Reached skill level 9 in Evocations
 14384 | D:12     | Reached ****** piety under Wu Jian
 14834 | D:12     | Noticed a centaur warrior
 14849 | D:12     | Reached skill level 10 in Evocations
 14855 | D:12     | Killed a centaur warrior
 15122 | D:13     | Noticed a centaur warrior
 15144 | D:13     | Reached skill level 5 in Shields
 15162 | D:13     | Killed a centaur warrior
 15369 | D:13     | Noticed a deep elf high priest
 15394 | D:13     | Found a runed translucent door.
 15424 | D:13     | Noticed a centaur warrior
 15424 | D:13     | Noticed a centaur warrior
 15451 | D:13     | Found a runed translucent door.
 15451 | D:13     | Found a shimmering altar of Xom.
 15451 | D:13     | Noticed Mexzoddasi's ghost (journeyman MiBe)
 15496 | D:13     | Noticed a centaur warrior
 15502 | D:13     | Noticed a death knight
 15509 | D:13     | Killed a centaur warrior
 15537 | D:13     | Killed a death knight
 16346 | D:13     | Killed a centaur warrior
 16362 | D:13     | Killed from afar by a deep elf high priest

Illustrated notes

Levels and vault maps discovered:
D:1:      amcnicky_arrival_abandoned_market, layout_basic
D:2:      layout_rooms, serial_shops, nicolae_shop_advertising_works
          [nicolae_subvault_shop_adworks],
          dreamdust_ecumenical_altar_angels_and_demons
D:3:      layout_loops_ring, ebering_ghost_sewer_f, serial_shops,
          nicolae_square_shop, shop, shop, nicolae_shop_stone,
          portal_sewer_entry_a, uniq_ijyb
D:4:      layout_rooms, gammafunk_temple_overflow_statue,
          serial_co_window_serial, co_window_of_opportunity_a,
          co_window_of_opportunity_a, co_window_corner_a, co_window_paths_a,
          co_window_cross_1, co_window_paths_b, co_window_corner_cb,
          co_window_corner_b, co_window_broadway_c, co_window_cross_4,
          co_window_4corner_a, co_window_paths_e, glass_columns_a,
          glass_columns_c, glass_columns_c, minivault_4
D:5:      layout_loops_corners, serial_demonic, serial_demonic_f,
          serial_demonic_b, serial_demonic_f, serial_demonic_g
D:6:      layout_rooms, lemuel_crystal_altar, minmay_temple_entry_stoned_glass,
          uniq_crazy_yiuf_cottage
D:7:      layout_loops_cross, serial_shops, kennysheep_little_box, shop,
          uniq_joseph
D:8:      cheibrodos_helix_gallery, layout_basic,
          gammafunk_temple_overflow_elements, cheibriados_altar_1
D:9:      layout_cave_pools, erik_lair_island, minmay_three_doors, uniq_pikel,
          uniq_psyche
D:10:     layout_rooms, elyvilon_altar_4, jmf_multi_god_temple2, serial_shops,
          nicolae_shop_stone
D:11:     layout_big_octagon, david_orc_3, uniq_maurice
D:12:     layout_gridville
D:13:     cheibrodos_histonic, layout_loops_ring, david_vaults_4,
          ebering_ghost_xom, kennysheep_island_fort

Skill      XL: |  1  2  3  4  5  6  7  8  9 10 11 12 |
---------------+-------------------------------------+-----
Stealth        | 2 3 6 |  6.0
Short Blades   | 3 4 5 6 8 |  8.0
Fighting       | 4 6 |  6.0
Shields        | 2 4 7 |  7.2
Dodging        | 3 4 7 |  7.0
Throwing       | 4 |  4.0
Armour         | 4 |  4.0
Evocations     | 4 5 6 10 | 10.0
Hexes          | 5 9 |  9.0
Spellcasting   | 5 |  5.0

Action                   |  1- 3 |  4- 6 |  7- 9 | 10-12 || total
-------------------------+-------+-------+-------+-------++-------
Melee: Rapier            |   139 |   110 |       |       ||   249
       Punch             |     2 |       |       |       ||     2
       Short sword       |       |    56 |   381 |       ||   437
       Dagger            |       |       |   293 |       ||   293
       Quick blade       |       |       |    77 |  1208 ||  1285
Throw: Javelin           |     1 |     1 |     3 |     3 ||     8
       Throwing net      |     2 |       |     4 |     2 ||     8
       Dart              |       |       |     4 |       ||     4
 Cast: Tukima's Dance    |       |       |       |    28 ||    28
       Confusing Touch   |       |       |       |    25 ||    25
Invok: Lunge             |       |     2 |    19 |    30 ||    51
       Whirlwind         |       |       |     1 |    38 ||    39
Evoke: Wand              |       |       |     2 |     2 ||     4
       Box of beasts     |       |       |       |     2 ||     2
       Tin of tremorston |       |       |       |     1 ||     1
  Use: Scroll            |    10 |     3 |     6 |     9 ||    28
       Potion            |     3 |     5 |     1 |     3 ||    12
 Stab: Sleeping          |     4 |     2 |       |     4 ||    10
       Held in net/web   |       |       |     1 |       ||     1
       Paralysed         |       |       |     3 |       ||     3
       Confused          |       |       |       |    29 ||    29
       Distracted        |       |       |       |     1 ||     1
Armor: Leather armour    |    46 |    60 |   177 |    41 ||   324
       Skin              |       |    14 |     6 |       ||    20
       Ring mail         |       |       |       |   166 ||   166
Dodge: Dodged            |    89 |    84 |   288 |   374 ||   835
Block: Buckler           |     1 |    17 |   117 |   181 ||   316

Table legend: (Time is in decaauts)
 A = Elapsed time spent in this place.
 B = Non-inter-level travel time spent in this place.
 C = Inter-level travel time spent in this place.
 D = Time resting spent in this place.
 E = Time spent auto-exploring this place.
 F = Levels seen in this place.
 G = Mean time per level.
                   A        B        C        D        E       F      G
               +--------+--------+--------+--------+--------+-----+--------+
         Total |  15576 |  15048 |    528 |   3489 |   8551 |  13 | 1198.2 |
       Dungeon |  15576 |  15048 |    528 |   3489 |   8551 |  13 | 1198.2 |
               +--------+--------+--------+--------+--------+-----+--------+

Top non-repeatable levels by time:
     D:4: 1993 daAuts
     D:5: 1573 daAuts
     D:3: 1516 daAuts
     D:8: 1360 daAuts
    D:12: 1285 daAuts
     D:7: 1212 daAuts
     D:2: 1200 daAuts
    D:13: 1177 daAuts
     D:9: 1065 daAuts
     D:1: 853 daAuts
    D:10: 846 daAuts
     D:6: 846 daAuts
    D:11: 646 daAuts
